 Dungeon Crawl Stone Soup version 0.24.0-123-gd5b16e6ec5 (webtiles) character file.

Game seed: 2959619800270891526, levelgen mode: deterministic

4600 Ereth the Grappler (level 10, 0/92 HPs)
             Began as a Troll Fighter on Dec 18, 2019.
             Was a Priest of Okawaru.
             Slain by a two-headed ogre
             ... wielding a cursed -3 dire flail
              (11 damage)
             ... on level 8 of the Dungeon on Dec 19, 2019.
             The game lasted 00:21:50 (6709 turns).

Ereth the Grappler (Troll Fighter)                  Turns: 6709, Time: 00:21:50

Health: 0/92       AC: 14    Str: 28    XL:     10   Next: 19%
Magic:  9/9        EV: 10    Int:  4    God:    Okawaru [***...]
Gold:   512        SH: 13    Dex: 10    Spells: 9/9 levels left

rFire    . . .     SeeInvis .     - Unarmed
rCold    . . .     Gourm    +   b - +0 shield
rNeg     . . .     Faith    .   l - +2 robe
rPois    .         Spirit   .   (helmet restricted)
rElec    .         Reflect  +   p - +0 cloak
rCorr    .         Harm     .   (gloves unavailable)
MR       .....                  (boots unavailable)
Stlth    ++........             f - +3 amulet of reflection
HPRegen  0.65/turn              y - ring of flight
MPRegen  0.11/turn              H - +5 ring of protection

@: about to teleport
A: large, unfitting armour, claws 3, fast metabolism 3, gourmand, regeneration
1, shaggy fur 1, tough skin 3
a: Heroism, Renounce Religion, Evoke Flight


You were on level 8 of the Dungeon.
You worshipped Okawaru.
Okawaru was most pleased with you.
You were full.

You visited 2 branches of the dungeon, and saw 9 of its levels.

You collected 512 gold pieces.

Inventory:

Missiles
 F - a throwing net (quivered)
Armour
 a - a +1 robe
 b - a +0 shield (worn)
 l - a +2 robe (worn)
 p - a +0 cloak (worn)
Jewellery
 f - a +3 amulet of reflection (around neck)
 r - an uncursed ring of magical power
 y - a ring of flight (left claw)
 C - an uncursed ring of magical power
 H - a +5 ring of protection (right claw)
Wands
 n - a wand of random effects (26)
 o - a wand of polymorph (16)
 s - a wand of digging (7)
Scrolls
 h - 2 scrolls of immolation
 j - 3 scrolls of identify
 k - 2 scrolls of enchant weapon
 m - 3 scrolls of amnesia
 q - 2 scrolls of remove curse
 v - 4 scrolls of fog
 A - a scroll of teleportation
 E - 5 scrolls of enchant armour
Potions
 c - 2 potions of might
 e - 3 potions of resistance
 g - 2 potions of haste
 i - 5 potions of flight
 t - a potion of agility {unknown}
 u - 2 potions of mutation
 w - 3 potions of lignification {unknown}
 x - a potion of heal wounds {unknown}
 z - a potion of magic {unknown}
Comestibles
 d - 11 rations


   Skills:
 + Level 3.8 Fighting
 + Level 3.6 Throwing
 + Level 5.4 Dodging
 + Level 2.4 Stealth
 + Level 5.8 Shields
 + Level 10.2 Unarmed Combat
 + Level 0.5 Invocations


You had 9 spell levels left.
You didn't know any spells.
Your spell library contained the following spells:

 Spells                   Type           Power        Failure   Level  Hunger
 Sting                    Conj/Pois      #...         75%         1    ##.....
 Ozocubu's Armour         Chrm/Ice       #.......     98%         3    ####...
 Regeneration             Chrm/Necr      #.........   98%         3    ####...
 Deflect Missiles         Chrm/Air       #.........   100%        6    #######


Dungeon Overview and Level Annotations

Branches:
Dungeon (8/15)             Temple (1/1) D:5
   Lair: D:8-11

Altars:
Ashenzari
Cheibriados
Dithmenos
Elyvilon
Fedhas
Gozag
Hepliaklqana
Kikubaaqudgha
Makhleb
Nemelex Xobeh
Okawaru
Ru
Sif Muna
Trog
Uskayaw
Vehumet
Wu Jian
Xom
Yredelemnul
Zin
The Shining One

Annotations:
D:5 3 runed translucent doors, Aryth's ghost, novice KoAs
D:7 exclusion: ice statue


Innate Abilities, Weirdness & Mutations

You are too large for most types of armour.
You have claws for hands.
Your metabolism is lightning-fast.
You like to eat raw meat.
Your natural rate of healing is unusually fast.
You are covered in fur. (AC +1)
You have extremely tough skin. (AC +3)


Message History

You block the orc's attack.
You claw the two-headed ogre!
The two-headed ogre is severely wounded.
The two-headed ogre hits you with a cursed -3 dire flail!
The two-headed ogre hits you with a +0 giant club!!
The orc priest mumbles some strange prayers to Beogh against you.
Beogh smites you!
The orc throws a boomerang.
You reflect the boomerang off an invisible shield around you!
The boomerang closely misses the orc.
The weapon returns to the orc!
The orc priest calls down the wrath of Beogh upon you.
Beogh smites you!
* * * LOW HITPOINT WARNING * * *
The two-headed ogre hits you with a cursed -3 dire flail!
* * * LOW HITPOINT WARNING * * *
The two-headed ogre barely misses you.
Okay, then.
As you read the scroll of teleportation, it crumbles to dust.
You feel strangely unstable.
The two-headed ogre hits you with a cursed -3 dire flail!
You die...

#...........#≈≈≈###≈##≈#
##...........#≈#≈≈####≈≈#
###............#≈#)≈## #≈≈#
###....).).......####≈≈# #≈≈#
#..#####<........# #≈≈# #≈##
#### ###[.......## #≈≈###≈#
##...#.......# #≈##.#≈#
####..#####.....# ##≈#....#
###....## #..@...###≈≈#.####
###...#### ##♣.O....##≈≈###
#...### #.♣o{....#≈≈### #.###
#♣...o...≈≈≈#.# #.####
♣_.o.....≈##.# #.##.###
###♣........≈#..#
#.###..####.#♣♣.......##..#
#.#
##..##..##.....#..##.########
#.#
##......#.....#.............


You could see a two-headed ogre, an orc priest and 2 orcs.

Vanquished Creatures
  Harold (D:7)
  Joseph (D:8)
  Psyche (D:7)
  A hornet (D:8)
  A hippogriff (D:8)
  A hungry ghost (D:7)
  2 sky beasts
  3 wolves (D:8)
  An ogre (D:4)
  A centaur (D:6)
  Blork the orc (D:5)
  4 bullfrogs
  A wyvern zombie (D:8)
  A water moccasin zombie (D:5)
  A scorpion (D:4)
  A water moccasin skeleton (D:4)
  7 wights
  2 crimson imps
  2 bullfrog zombies
  2 gnoll shamans
  A hound (D:7)
  4 orc priests
  2 jellies
  4 orc wizards
  2 centaur skeletons
  5 worker ants
  2 hound skeletons
  A howler monkey zombie (D:8)
  11 gnolls
  A howler monkey skeleton (D:4)
  10 adders
  3 shadow imps
  4 worms
  5 dart slugs
  5 leopard geckos
  18 orcs
  4 ball pythons
  7 bats
  7 giant cockroaches
  10 goblins
  10 hobgoblins
  17 jackals
  A quokka (D:4)
  9 frilled lizards
  A giant cockroach zombie (D:5)
  A jackal skeleton (D:6)
  A jackal zombie (D:8)
  12 kobolds
  8 rats
201 creatures vanquished.

Vanquished Creatures (collateral kills)
  Grum (D:8)
  A giant cockroach (D:6)
2 creatures vanquished.

Vanquished Creatures (others)
  Maurice (D:8)
1 creature vanquished.

Grand Total: 204 creatures vanquished

Notes
Turn   | Place    | Note
-------+----------+-------------------------------------------
     0 | D:1      | Ereth the Troll Fighter began the quest for the Orb.
     0 | D:1      | Reached XP level 1. HP: 22/22 MP: 0/0
   191 | D:1      | Reached XP level 2. HP: 22/29 MP: 1/1
   438 | D:1      | Reached XP level 3. HP: 36/36 MP: 2/2
   998 | D:2      | Reached XP level 4. HP: 44/44 MP: 3/3
  1209 | D:2      | Found an ornate altar of the Wu Jian Council.
  1335 | D:2      | Reached skill level 3 in Unarmed Combat
  1411 | D:2      | Reached XP level 5. HP: 50/50 MP: 4/4
  1531 | D:3      | Found a snail-covered altar of Cheibriados.
  1679 | D:3      | Found an ancient bone altar of Kikubaaqudgha.
  1975 | D:3      | Found a sacrificial altar of Ru.
  2294 | D:4      | Reached skill level 4 in Unarmed Combat
  2487 | D:4      | Reached skill level 1 in Throwing
  2487 | D:4      | Reached XP level 6. HP: 59/59 MP: 5/5
  2649 | D:4      | Reached skill level 5 in Unarmed Combat
  2649 | D:4      | Reached XP level 7. HP: 66/66 MP: 6/6
  2898 | D:5      | Entered Level 5 of the Dungeon
  3203 | D:5      | Found a staircase to the Ecumenical Temple.
  3203 | D:5      | Noticed Blork the orc
  3212 | D:5      | Killed Blork the orc
  3247 | D:5      | Reached skill level 1 in Stealth
  3247 | D:5      | Reached skill level 6 in Unarmed Combat
  3259 | Temple   | Entered the Ecumenical Temple
  3318 | Temple   | Became a worshipper of Warmaster Okawaru
  3582 | D:5      | Found a runed translucent gate.
  3582 | D:5      | Found a runed translucent gate.
  3583 | D:5      | Found a runed translucent gate.
  3583 | D:5      | Found an opulent altar of Gozag.
  4023 | D:5      | Identified Xufuhut's Papyrus of Augmentations and
                  | Intoxication
  4094 | D:5      | Noticed Aryth's ghost (novice KoAs)
  4137 | D:6      | Reached XP level 8. HP: 75/75 MP: 7/7
  4485 | D:6      | Reached * piety under Okawaru
  4503 | D:6      | Reached skill level 7 in Unarmed Combat
  4562 | D:6      | Found a shattered altar of Ashenzari.
  4916 | D:7      | Found a sparkling altar of Nemelex Xobeh.
  4916 | D:7      | Found a shadowy altar of Dithmenos.
  4992 | D:7      | Noticed Harold
  5028 | D:7      | Killed Harold
  5028 | D:7      | Reached skill level 8 in Unarmed Combat
  5028 | D:7      | Reached XP level 9. HP: 47/83 MP: 8/8
  5067 | D:7      | Reached ** piety under Okawaru
  5154 | D:7      | Reached skill level 5 in Shields
  5183 | D:7      | Reached skill level 9 in Unarmed Combat
  5430 | D:7      | Noticed an ice statue
  5570 | D:8      | Noticed Joseph
  5570 | D:8      | Noticed Psyche
  5575 | D:7      | Killed Psyche
  5623 | D:8      | Noticed Maurice
  5627 | D:8      | Killed Joseph
  5627 | D:8      | Reached *** piety under Okawaru
  5627 | D:8      | Reached skill level 5 in Dodging
  5689 | D:8      | Found a glowing silver altar of Zin.
  5781 | D:8      | Noticed Grum
  6085 | D:8      | Killed Grum
  6085 | D:8      | Reached XP level 10. HP: 23/92 MP: 9/9
  6312 | D:8      | Reached skill level 10 in Unarmed Combat
  6473 | D:8      | Killed Maurice
  6622 | D:8      | Noticed a two-headed ogre
  6709 | D:8      | Slain by a two-headed ogre

Levels and vault maps discovered:
D:1:      giann_wishing_wells, layout_basic, kennysheep_boxes
D:2:      layout_basic, marbit_many_paths
D:3:      layout_loops_ring, old_standard_altar,
          nicolae_ru_great_annihilating_truth, wad_floor_pattern_untrapped,
          cheibriados_altar_1
D:4:      layout_loops_ring, st_stairs_10
D:5:      layout_basic, minmay_temple_entry_arrows, first_ration,
          ebering_ghost_gozag, uniq_blork_the_orc
D:6:      layout_cave_pools, kennysheep_mini_moat
D:7:      lemuel_ice_statue, layout_loops_ring,
          gammafunk_temple_overflow_statue, uniq_harold
D:8:      layout_layer_cave, lemuel_coloured_pillars_altar, zin_academy,
          serial_rivers, chequers_serial_rivers_large_b,
          chequers_serial_rivers_micro_c, chequers_serial_rivers_micro_c,
          chequers_serial_rivers_small_b, chequers_serial_rivers_small_b,
          gammafunk_ghost_spectres, uniq_joseph, uniq_psyche, uniq_maurice,
          uniq_grum
Temple:   eino_temple_water

Skill      XL: |  1  2  3  4  5  6  7  8  9 10 |
---------------+-------------------------------+-----
Shields        | 3 4 5 |  5.8
Dodging        | 3 4 5 |  5.4
Unarmed Combat | 3 4 5 6 8 9 10 | 10.2
Throwing       | 1 2 3 |  3.6
Fighting       | 3 |  3.8
Stealth        | 1 2 |  2.4
Invocations    | |  0.5

Action                   |  1- 3 |  4- 6 |  7- 9 | 10-12 || total
-------------------------+-------+-------+-------+-------++-------
Melee: Unarmed           |   121 |   150 |   271 |    35 ||   577
Throw: Large rock        |       |    26 |    27 |     8 ||    61
Invok: Heroism           |       |       |     5 |     3 ||     8
Evoke: Wand              |       |       |     2 |       ||     2
  Use: Scroll            |     6 |     5 |     8 |     1 ||    20
       Potion            |       |       |     2 |       ||     2
 Stab: Distracted        |       |     1 |     1 |       ||     2
       Sleeping          |       |       |     2 |       ||     2
       Confused          |       |       |     1 |       ||     1
  Eat: Chunk             |    15 |    16 |    34 |     6 ||    71
Armor: Robe              |    49 |    35 |    67 |    16 ||   167
Dodge: Dodged            |    54 |    39 |    99 |    30 ||   222
Block: Shield            |    58 |    64 |   184 |    54 ||   360
       Reflection        |     1 |     2 |     5 |     2 ||    10
